 Dungeon Crawl Stone Soup version 0.28.0-53-g5a82cb258f (webtiles) character file.

Game seed: 2167981516105935484

2911 DemonSlayer the Magician (level 9, -1/60 HPs)
             Began as a Demonspawn Fire Elementalist on Aug 9, 2022.
             Slain by a seven-headed hydra (2 damage)
             ... on level 6 of the Dungeon.
             The game lasted 00:18:03 (6775 turns).

DemonSlayer the Magician (DsFE)                     Turns: 6775, Time: 00:18:05

Health: -1/60      AC: 13    Str: 19    XL:     9   Next: 49%
Magic:  0/29       EV: 10    Int: 21    God:
Gold:   374        SH:  0    Dex: 13    Spells: 3/22 levels left

rFire   . . .      SeeInvis .   f - +2 war axe (venom)
rCold   . . .      Faith    .   (no shield)
rNeg    . . .      Spirit   +   C - +1 chain mail of Leaves {Str+4 Slay+3}
rPois   .          Reflect  .   (no helmet)
rElec   .          Harm     .   (no cloak)
rCorr   .          Rampage  .   B - +3 pair of gauntlets of War {Slay+5}
Will    .....                   (no boots)
Stlth   ++........              o - amulet of guardian spirit
HPRegen 0.20/turn               y - ring of magical power
MPRegen 0.21/turn               F - +6 ring of strength

@: about to teleport, studying Throwing, invisible
A: sturdy frame 3, demonic magic 1, weakness stinger 1
a: no special abilities


You were on level 6 of the Dungeon.
You visited 1 branch of the dungeon, and saw 6 of its levels.

You collected 374 gold pieces.

Inventory:

Hand Weapons
 c - a +0 dagger
 f - a +2 war axe of venom (weapon)
Missiles
 g - 58 sling bullets
 A - a throwing net
Armour
 B - the +3 pair of gauntlets of War (worn) {Slay+5}
   (You found it on level 5 of the Dungeon)

   Slay:      It affects your accuracy & damage with ranged weapons and melee
   (+5).
 C - the +1 chain mail of Leaves (worn) {Str+4 Slay+3}
   (You found it on level 5 of the Dungeon)

   Str:       It affects your strength (+4).
   Slay:      It affects your accuracy & damage with ranged weapons and melee
   (+3).
Jewellery
 a - a ring of flight
 o - an amulet of guardian spirit (around neck)
 y - a ring of magical power (left hand)
 F - a +6 ring of strength (right hand)
Wands
 n - a wand of digging (4)
 s - a wand of flame (6)
 E - a wand of charming (6)
 G - a wand of paralysis (7)
Scrolls
 j - a scroll of brand weapon {unknown}
 k - a scroll of enchant armour {unknown}
 l - a scroll of immolation {unknown}
 p - a scroll of vulnerability {unknown}
 q - 2 scrolls of fog {unknown}
 r - a scroll of teleportation
 t - a scroll of noise {unknown}
 w - a scroll of identify {unknown}
 x - a scroll of fear {unknown}
Potions
 b - 3 potions of flight {unknown}
 e - 3 potions of curing {unknown}
 h - 2 potions of mutation {unknown}
 i - a potion of resistance {unknown}
 m - a potion of heal wounds {unknown}
 u - 2 potions of attraction {unknown}
 v - a potion of degeneration {unknown}
 z - a potion of brilliance {unknown}
 D - 2 potions of berserk rage {unknown}


   Skills:
 + Level 1.6 Fighting
 + Level 1.3 Short Blades
 + Level 0.4 Axes
 + Level 1.4 Armour
 + Level 2.4 Dodging
 + Level 6.9 Stealth
 + Level 0.1 Unarmed Combat
 + Level 7.3 Spellcasting
 + Level 2.4 Conjurations
 + Level 6.9 Fire Magic
 + Level 0.2 Evocations


You had 3 spell levels left.
You knew the following spells:

 Your Spells              Type           Power      Damage    Failure   Level
a - Foxfire               Conj/Fire      100%       2x1d9     3%          1
b - Scorch                Fire           72%        2d9       1%          2
c - Conjure Flame         Conj/Fire      27%        6-21      9%          3
d - Flame Wave            Conj/Fire      27%        2d7       30%         4
e - Sticky Flame          Conj/Fire      27%        2d5       30%         4
f - Ignite Poison         Fire/Tmut/Pois 17%        N/A       24%         3
g - Poisonous Vapours     Pois/Air       14%        N/A       30%         2

Your spell library contained the following spells:

 Spells                   Type           Power      Damage    Failure   Level
 Inner Flame              Hex/Fire       22%        N/A       16%         3
 Animate Skeleton         Necr           14%        N/A       21%         1
 Pain                     Necr           28%        1d5       21%         1
 Corpse Rot               Necr/Air       14%        N/A       30%         2
 Vampiric Draining        Necr           7%         2d6       52%         3


Dungeon Overview and Level Annotations

Branches:
Dungeon (6/15)
 Temple: D:4-7

Altars:
Ru


Innate Abilities, Weirdness & Mutations

Your movements are significantly less encumbered by armour. (ER -6)
Spells you cast may paralyse adjacent enemies.
You have a small tail.


Message History

The seven-headed hydra is no longer paralysed.
The seven-headed hydra is no longer more vulnerable to fire.
The seven-headed hydra bites you but does no damage.
The seven-headed hydra bites you!
The seven-headed hydra bites you but does no damage. x2
The seven-headed hydra bites you! The seven-headed hydra bites you. x2
The seven-headed hydra closely misses you.
The seven-headed hydra bites you but does no damage.
The seven-headed hydra closely misses you.
The seven-headed hydra bites you! x2
* * * LOW HITPOINT WARNING * * *
The seven-headed hydra bites you!
* * * LOW HITPOINT WARNING * * *
The seven-headed hydra misses you.
You fade into invisibility!
The seven-headed hydra bites you but does no damage.
The seven-headed hydra closely misses you.
The seven-headed hydra barely misses you.
The seven-headed hydra closely misses you.
The seven-headed hydra bites you but does no damage. x2
The seven-headed hydra barely misses you.
Unknown command.
Unknown command.
Unknown command.
Unknown command.
Unknown command.
Unknown command.
Unknown command.
Unknown command.
Unknown command.
Unknown command.
Unknown command.
Okay, then.
As you read the scroll labelled EPEUH HOSEYMUS, it crumbles to dust.
You feel strangely unstable.
It was a scroll of teleportation.
The seven-headed hydra bites you!
* * * LOW HITPOINT WARNING * * *
The seven-headed hydra bites you but does no damage.
The seven-headed hydra bites you. x2
You die...

##..>..##..<..............
......................####
####.....####.............
#..##...##..#.....###..#..
#...##.##...#..##..##.....
##.††#.#...##.###.........
##†'#.#'.##..###.........
..###...###..).#..........
........8.D@...)............
....###...###).)............
.. +#.#'s##..............
#.#Y..##.............
#.##...#............. ...
#./#............. ...
####..##.#.......
.............##.......
#....###...........^.#


You could see a seven-headed hydra.

Vanquished Creatures
  Pikel (D:4)
  2 yaks (D:5)
  Sigmund (D:2)
  A wraith (D:5)
  Edmund (D:4)
  A water moccasin (D:6)
  2 ice beasts
  3 ogres
  3 black bears
  A necrophage (D:6)
  3 lemures
  A phantom (D:4)
  2 bullfrogs (D:6)
  A scorpion (D:4)
  Blork the orc (D:4)
  A water moccasin zombie (D:5)
  A water moccasin skeleton (D:5)
  2 centaur skeletons
  2 hounds
  An orc priest (D:4)
  2 bullfrog skeletons
  An iguana (D:6)
  An orc wizard (D:6)
  A killer bee zombie (D:6)
  A howler monkey zombie (D:5)
  9 adders
  A shadow imp (D:5)
  A white imp (D:6)
  An ufetubus (D:3)
  2 worms
  2 dart slugs (D:2)
  9 orcs
  5 ball pythons
  5 bats
  9 endoplasms
  A giant cockroach (D:4)
  8 goblins
  9 hobgoblins
  10 jackals
  6 kobolds
  6 quokkas
  2 frilled lizards
  3 rats
126 creatures vanquished.

Vanquished Creatures (others)
  83 foxfires
83 creatures vanquished.

Grand Total: 209 creatures vanquished

Notes
Turn   | Place    | Note
-------+----------+-------------------------------------------
     0 | D:1      | DemonSlayer the Demonspawn Fire Elementalist began the
                  | quest for the Orb.
     0 | D:1      | Reached XP level 1. HP: 13/13 MP: 3/3
   288 | D:1      | Gained mutation: Spells you cast may paralyse adjacent
                  | enemies. [demonic ancestry]
   288 | D:1      | Reached XP level 2. HP: 19/19 MP: 0/5
  1134 | D:1      | Learned a level 2 spell: Scorch
  1222 | D:2      | Noticed Sigmund
  1244 | D:1      | Gained mutation: Your movements are slightly less
                  | encumbered by armour. (ER -2) [demonic ancestry]
  1244 | D:1      | Reached XP level 3. HP: 24/24 MP: 3/6
  1461 | D:2      | Killed Sigmund
  1462 | D:2      | Gained mutation: Your movements are less encumbered by
                  | armour. (ER -4) [demonic ancestry]
  1462 | D:2      | Reached XP level 4. HP: 31/31 MP: 0/8
  1462 | D:2      | Gained mutation: Your movements are significantly less
                  | encumbered by armour. (ER -6) [demonic ancestry]
  1462 | D:2      | Reached XP level 5. HP: 36/36 MP: 0/9
  1466 | D:2      | Learned a level 3 spell: Conjure Flame
  1646 | D:2      | Found a faded altar of an unknown god.
  1831 | D:2      | Reached skill level 3 in Spellcasting
  2426 | D:2      | Learned a level 4 spell: Flame Wave
  2907 | D:3      | Noticed an ice beast
  2917 | D:3      | Killed an ice beast
  2918 | D:3      | Reached XP level 6. HP: 29/42 MP: 2/11
  3695 | D:4      | Noticed Blork the orc
  3696 | D:4      | Noticed Edmund
  4025 | D:4      | Reached skill level 4 in Spellcasting
  4028 | D:4      | Noticed Pikel
  4324 | D:4      | Gained mutation: You have a small tail. [demonic ancestry]
  4324 | D:4      | Reached XP level 7. HP: 46/47 MP: 1/13
  4707 | D:4      | Killed Blork the orc
  4727 | D:4      | Killed Edmund
  4728 | D:4      | Reached skill level 5 in Spellcasting
  4792 | D:4      | Killed Pikel
  4793 | D:4      | Reached skill level 5 in Stealth
  4793 | D:4      | Reached skill level 5 in Fire Magic
  4793 | D:4      | Reached XP level 8. HP: 36/53 MP: 2/16
  5212 | D:4      | Found a sacrificial altar of Ru.
  5288 | D:4      | Learned a level 4 spell: Sticky Flame
  5338 | D:5      | Entered Level 5 of the Dungeon
  5393 | D:5      | Reached skill level 1 in Fighting
  5402 | D:5      | Reached skill level 6 in Spellcasting
  5648 | D:5      | Reached skill level 1 in Short Blades
  5846 | D:5      | Reached XP level 9. HP: 59/59 MP: 13/19
  6004 | D:5      | Found the +3 pair of gauntlets of War {Slay+5}
  6045 | D:5      | Identified the +1 chain mail of Leaves {Str+4 Slay+3}
  6062 | D:5      | Learned a level 3 spell: Ignite Poison
  6065 | D:5      | Learned a level 2 spell: Poisonous Vapours
  6352 | D:6      | Reached skill level 1 in Armour
  6430 | D:6      | Reached skill level 7 in Spellcasting
  6764 | D:6      | Noticed a four-headed hydra
  6775 | D:6      | HP: 1/60 [seven-headed hydra (7)]
  6775 | D:6      | Slain by a seven-headed hydra

Illustrated notes

Levels and vault maps discovered:
D:1:      lemuel_arrival_room, layout_basic
D:2:      layout_loops_ring, hellmonk_ecumenical_altar_arch_garden, uniq_sigmund
D:3:      layout_loops_ring, minmay_pentomino_pile
D:4:      layout_loops_ring, hangedman_ru_absence, uniq_pikel, uniq_edmund,
          uniq_blork_the_orc
D:5:      layout_loops_ring, kennysheep_flooded_box, minmay_manual_moon
D:6:      cheibrodos_barr_body, layout_cave_pools

Skill      XL: |  1  2  3  4  5  6  7  8  9 |
---------------+----------------------------+-----
Fire Magic     | 3 4 5 6 |  6.9
Dodging        | 2 |  2.4
Stealth        | 2 3 5 6 |  6.9
Conjurations   | 2 |  2.4
Spellcasting   | 3 4 5 6 7 |  7.3
Fighting       | 1 |  1.6
Short Blades   | 1 |  1.3
Armour         | 1 |  1.4
Axes           | |  0.4
Unarmed Combat | |  0.1
Evocations     | |  0.2

Action                   |  1- 3 |  4- 6 |  7- 9 || total
-------------------------+-------+-------+-------++-------
Melee: Dagger            |    12 |    26 |    41 ||    79
       Unarmed           |     2 |       |       ||     2
       Tailslap          |       |       |     6 ||     6
       Punch             |       |       |     2 ||     2
       War axe           |       |       |    12 ||    12
 Cast: Foxfire           |    42 |    16 |       ||    58
       Scorch            |       |    57 |    80 ||   137
       Conjure Flame     |       |     2 |       ||     2
Evoke: Wand              |       |     7 |       ||     7
  Use: Scroll            |       |       |     1 ||     1
       Potion            |       |       |     1 ||     1
 Stab: Paralysed         |     9 |     6 |    37 ||    52
       Sleeping          |     2 |     4 |     2 ||     8
Armor: Robe              |     2 |     9 |     9 ||    20
       Chain mail        |       |       |    24 ||    24
Dodge: Dodged            |    10 |    18 |    49 ||    77
